 Dungeon Crawl Stone Soup version 0.21.1-1-g345015f (webtiles) character file.

19158 suicidejoker the Fighter (level 12, -26/110 HPs)
             Began as a Minotaur Hunter on Mar 18, 2018.
             Was a High Priest of Cheibriados.
             Annihilated by an ettin
             ... wielding a +1 dire flail of holy wrath
              (42 damage)
             ... on level 12 of the Dungeon.
             The game lasted 00:57:36 (11593 turns).

suicidejoker the Fighter (Minotaur Hunter)         Turns: 11593, Time: 00:57:38

Health: -26/110    AC: 10    Str: 36    XL:     12   Next: 34%
Magic:  18/18      EV: 22    Int: 19    God:    Cheibriados [*****.]
Gold:   320        SH: 10    Dex: 33    Spells: 14/14 levels left

rFire    + . .     SeeInvis .   b - +2 dagger (elec)
rCold    . . .     Gourm    .   p - +0 buckler
rNeg     + . .     Faith    .   J - +4 ring mail of Rationality {rPois Str+4 Slay+6}
rPois    +         Spirit   .   (helmet restricted)
rElec    +         Reflect  +   (no cloak)
rCorr    .         Harm     .   (no gloves)
MR       +....                  (no boots)
Stlth    ++........             R - amulet "Naoletud" {Reflect *Contam rElec Dex+6 SH+2}
HPRegen  0.28/turn              k - ring of protection from fire
MPRegen  0.16/turn              E - ring "Igaczoa" {rN+ MR+ EV+2 Dex+2}

@: very slow
A: retaliatory headbutt, horns 2, high mp 1, screaming 1, strong 1
a: Bend Time, Temporal Distortion, Slouch, Step From Time, Renounce Religion


You were on level 12 of the Dungeon.
You worshipped Cheibriados.
Cheibriados was extremely pleased with you.
You were full.

You visited 2 branches of the dungeon, and saw 13 of its levels.

You collected 828 gold pieces.
You spent 508 gold pieces at shops.

Inventory:

Hand Weapons
 a - a +2 hand crossbow
 b - a +2 dagger of electrocution (weapon)
 w - a +0 scimitar of flaming
 G - a cursed -3 arbalest
 M - a +0 blowgun
 P - a +1 dagger of holy wrath
 T - a +0 war axe of flaming
 V - a +0 hunting sling
 X - a +0 shortbow
Missiles
 d - 77 bolts
 g - 109 arrows
 i - 280 stones
 l - 9 javelins (quivered)
 o - 69 poisoned needles
 u - 24 tomahawks
 A - 70 sling bullets
Armour
 p - a +0 buckler (worn)
 t - the +0 ring mail of the Invisible Hand {MR+}
   (You found it on level 4 of the Dungeon)

   It affects your resistance to hostile enchantments.
 F - +0 acid dragon scales
 J - the +4 ring mail of Rationality (worn) {rPois Str+4 Slay+6}
   (You found it on level 6 of the Dungeon)

   It affects your strength (+4).
   It affects your accuracy and damage with ranged weapons and melee attacks
   (+6).
   It protects you from poison.
Magical Staves
 Y - an uncursed staff of earth
Jewellery
 j - an uncursed amulet of the gourmand
 k - a ring of protection from fire (left hand)
 m - an uncursed ring of wizardry
 v - an uncursed ring of ice
 x - an uncursed ring of see invisible
 E - the ring "Igaczoa" (right hand) {rN+ MR+ EV+2 Dex+2}
   (You found it on level 5 of the Dungeon)

   [ring of evasion]

   It affects your evasion (+2).
   It affects your dexterity (+2).
   It protects you from negative energy.
   It affects your resistance to hostile enchantments.
 I - an uncursed ring of protection from magic
 R - the amulet "Naoletud" (around neck) {Reflect *Contam rElec Dex+6 SH+2}
   (You bought it in a shop on level 5 of the Dungeon)

   [amulet of reflection]

   It shields you and reflects attacks.
   It affects your dexterity (+6).
   It insulates you from electricity.
   It causes magical contamination when unequipped.
   It affects your SH (+2).
Wands
 Q - a wand of digging (13)
 U - a wand of acid (16)
 W - a wand of flame (42)
Scrolls
 h - 4 scrolls of teleportation
 n - a scroll of blinking
 r - 6 scrolls of amnesia
 y - 3 scrolls of fear {unknown}
 B - 3 scrolls of fog {unknown}
 C - 3 scrolls of magic mapping {unknown}
 H - 2 scrolls of enchant armour {unknown}
 L - 5 scrolls of acquirement {unknown}
 O - 3 scrolls of remove curse
Potions
 c - 4 potions of curing
 e - 4 potions of flight
 q - a potion of brilliance
 s - a potion of lignification
 K - a potion of ambrosia
 N - 2 potions of heal wounds
 Z - a potion of agility
Books
 D - a book of Callings

   Spells                             Type                      Level
   a - Summon Small Mammal            Summoning                    1
   b - Call Imp                       Summoning                    2
   c - Call Canine Familiar           Summoning                    3
   d - Summon Guardian Golem          Hexes/Summoning              3
   e - Summon Lightning Spire         Summoning/Air                4
   f - Summon Ice Beast               Ice/Summoning                4
Comestibles
 f - 25 rations


   Skills:
 * Level 11.1 Fighting
 * Level 9.4 Short Blades
 * Level 10.8 Crossbows
 + Level 7.6 Armour
 + Level 7.3 Dodging
 - Level 0.7 Stealth
 + Level 7.3 Shields
 + Level 1.8 Spellcasting
 * Level 7.6 Invocations


You had 14 spell levels left.
You didn't know any spells.

Dungeon Overview and Level Annotations

Branches:
Dungeon (12/15)            Temple (1/1) D:4            Lair (0/6) D:11
    Orc (0/2) D:11

Altars:
Ashenzari
Cheibriados
Dithmenos
Elyvilon
Fedhas
Gozag
Hepliaklqana
Kikubaaqudgha
Makhleb
Nemelex Xobeh
Okawaru
Qazlal
Ru
Sif Muna
Trog
Uskayaw
Vehumet
Wu Jian
Xom
Yredelemnul
Zin
The Shining One

Shops:
D:5 [*=


Innate Abilities, Weirdness & Mutations

You reflexively headbutt those who attack you in melee.
You have a pair of horns on your head.
You have an increased reservoir of magic. (+10% MP)
You occasionally shout uncontrollably at your foes.
Your muscles are strong. (Str +2)


Message History

You feel a little less mighty now.
Firing (i - inventory. (,) - cycle):
d - 79 bolts (quivered)
Press: ? - help, Shift-Dir - straight line, f/p - ettin
Aim: an ettin, wielding a dire flail of holy wrath and a dire flail (moderately wounded)
You shoot a bolt. The bolt hits the ettin!
The ettin is moderately wounded.
Firing (i - inventory. (,) - cycle):
d - 78 bolts (quivered)
Press: ? - help, Shift-Dir - straight line, f/p - ettin
Aim: an ettin, wielding a dire flail of holy wrath and a dire flail (moderately wounded)
You shoot a bolt. The bolt hits the ettin!
The ettin is heavily wounded.
You hear the crackle of electricity.
b - a +2 dagger of electrocution (weapon)
You hit the ettin.
You headbutt the ettin, but do no damage.
The ettin is heavily wounded.
The ettin hits you with a dire flail of holy wrath!!!
* * * LOW HITPOINT WARNING * * *
The ettin hits you with a dire flail!!!
You die...

.# #.†.# #######...# #...# .#
#...#####.........####.... .#
#.........................
.#######...≈≈≈≈≈≈≈≈≈≈≈≈≈≈≈≈≈≈≈≈≈≈
...........≈##########''#########
...........≈# .................
...........≈# ..............)..
...........≈# ################..
...))......≈# #@C(.(.).......#..
..†........≈# #...(((..).....#..
.).).......≈# #..####()####..#..
.)..<......≈# #..#$...[...#..#..
......†....≈# #..#........#..#.†
....)......≈# #..#..####..#..#..
...........≈# #$.#.. T(#..#..
.........##≈# #..#. Z.#..#..
.........# # # ..#..#..


You could see an ettin.

Vanquished Creatures
  A fire giant (D:12)
  2 ettins (D:12)
  A two-headed ogre (D:12)
  A deep troll earth mage (D:12)
  An unseen horror (shapeshifter) (D:12)
  An unseen horror (D:12)
  Pikel (D:4)
  An orc knight (D:12)
  Joseph (D:9)
  An ugly thing (D:10)
  An elephant (D:11)
  A guardian serpent (shapeshifter) (D:12)
  Psyche (D:8)
  2 efreet (D:12)
  2 kobold demonologists (D:12)
  A freezing wraith (D:12)
  5 trolls
  A queen bee (shapeshifter) (D:12)
  2 hippogriffs
  The ghost of wevryn the Magician, an amateur DEVM (D:4)
  2 wraiths
  A wyvern (D:12)
  9 yaks (D:11)
  A human (D:8)
  Grum (D:11)
  4 hungry ghosts
  An acid dragon (D:12)
  3 ice beasts
  A sky beast (D:12)
  10 orc warriors
  A slave (D:4)
  2 phantoms
  5 ogres
  4 wolves (D:11)
  3 centaurs
  A crocodile (D:11)
  2 big kobolds
  4 bullfrogs
  A wyvern zombie (D:6)
  5 scorpions
  16 killer bees
  5 electric eels
  4 howler monkeys
  5 crimson imps
  8 jellies
  2 bullfrog skeletons (D:12)
  5 hounds
  8 orc wizards
  10 orc priests
  4 centaur skeletons
  4 iguanas
  Natasha (twice) (D:4)
  5 worker ants
  A hound skeleton (D:8)
  2 river rats (D:3)
  14 adders
  2 howler monkey skeletons
  2 shadow imps
  2 oozes (D:4)
  An adder skeleton (D:4)
  An adder zombie (D:5)
  3 worms
  A dart slug (D:2)
  4 leopard geckos
  55 orcs
  3 giant cockroaches
  7 goblins
  6 hobgoblins
  6 jackals
  14 kobolds
  2 quokkas
  5 ball pythons
  3 bats
  6 frilled lizards
  A jackal skeleton (D:4)
  A quokka skeleton (D:6)
  A quokka zombie (D:6)
  14 rats
324 creatures vanquished.

Vanquished Creatures (others)
  A slave (D:4)
  A bullfrog (D:9)
  An adder (D:4)
  An orc (D:11)
4 creatures vanquished.

Grand Total: 328 creatures vanquished

Notes
Turn   | Place    | Note
-------+----------+-------------------------------------------
     0 | D:1      | suicidejoker the Minotaur Hunter began the quest for the Orb.
     0 | D:1      | Reached XP level 1. HP: 18/18 MP: 0/0
   212 | D:1      | Reached XP level 2. HP: 25/25 MP: 1/1
   719 | D:2      | Found a hide-covered altar of Uskayaw.
   731 | D:2      | Reached skill level 3 in Fighting
   742 | D:2      | Reached skill level 1 in Armour
   743 | D:2      | Reached XP level 3. HP: 19/31 MP: 2/2
  1096 | D:2      | Reached skill level 5 in Crossbows
  1335 | D:2      | Reached XP level 4. HP: 39/39 MP: 3/3
  2143 | D:3      | Reached skill level 4 in Fighting
  2502 | D:3      | Reached XP level 5. HP: 18/46 MP: 4/4
  2741 | D:4      | Noticed a phantom
  2744 | D:4      | Noticed wevryn's ghost (amateur DEVM)
  2757 | D:4      | Killed wevryn's ghost
  2757 | D:4      | Reached skill level 1 in Short Blades
  2757 | D:4      | Reached skill level 1 in Shields
  2757 | D:4      | Reached XP level 6. HP: 31/53 MP: 5/5
  2769 | D:4      | Found a staircase to the Ecumenical Temple.
  2778 | D:4      | Reached skill level 5 in Fighting
  2788 | Temple   | Entered the Ecumenical Temple
  2832 | Temple   | Became a worshipper of Cheibriados the Contemplative
  2982 | D:4      | Found a shimmering altar of Xom.
  3232 | D:4      | Got a slimy ring mail
  3243 | D:4      | Identified the cursed +0 ring mail of the Invisible Hand {MR+} (You found it on level 4 of the Dungeon)
  3263 | D:4      | Reached XP level 7. HP: 61/61 MP: 6/6
  3387 | D:4      | Noticed Natasha
  3391 | D:4      | Killed Natasha
  3455 | D:4      | Noticed Pikel
  3469 | D:4      | Killed Pikel
  3469 | D:4      | Reached skill level 6 in Fighting
  3469 | D:4      | Reached XP level 8. HP: 51/70 MP: 7/7
  3796 | D:4      | Reached * piety under Cheibriados
  3911 | D:4      | Noticed Natasha
  3914 | D:4      | Killed Natasha
  4261 | D:5      | Entered Level 5 of the Dungeon
  4277 | D:5      | Found a white marble altar of Elyvilon.
  4385 | D:5      | Found a blossoming altar of Fedhas.
  4385 | D:5      | Found a sacrificial altar of Ru.
  4426 | D:5      | Found Kiliz's Armour Shoppe.
  4614 | D:5      | Got a shimmering bronze ring
  4616 | D:5      | Identified the ring "Igaczoa" {rN+ MR+ EV+2 Dex+2} (You found it on level 5 of the Dungeon)
  4658 | D:5      | You fall through a shaft for 2 floors!
  4758 | D:7      | Reached skill level 1 in Invocations
  5020 | D:6      | Found an iron altar of Okawaru.
  5067 | D:6      | Reached ** piety under Cheibriados
  5067 | D:6      | Reached skill level 5 in Short Blades
  5145 | D:6      | Reached skill level 7 in Fighting
  5185 | D:6      | Reached XP level 9. HP: 79/79 MP: 9/9
  5234 | D:6      | Got a jacinth-encrusted ring mail
  5246 | D:6      | Identified the +4 ring mail of Rationality {rPois Str+4 Slay+6} (You found it on level 6 of the Dungeon)
  5292 | D:5      | Found Laep Ena's Assorted Antiques.
  5298 | D:5      | Bought a scroll labeled JOTTITIAMY for 23 gold pieces
  5298 | D:5      | Bought a golden potion for 20 gold pieces
  5298 | D:5      | Bought a scroll labeled SODWAW RUBIGUQ for 23 gold pieces
  5298 | D:5      | Bought a scroll labeled YSCHEU QIARAICH for 23 gold pieces
  5298 | D:5      | Bought a fizzy orange potion for 20 gold pieces
  5311 | D:5      | Found Jool Vea's Jewellery Shop.
  5483 | D:5      | Got an ancient short sword
  5484 | D:5      | Identified the cursed +0 short sword of Grandeur {drain, rC+ Str+3 Stlth+} (You found it on level 5 of the Dungeon)
  6204 | D:6      | Reached skill level 5 in Dodging
  6242 | D:7      | Reached *** piety under Cheibriados
  6442 | D:7      | Found an ornate altar of the Wu Jian Council.
  6668 | D:8      | Found a sparkling altar of Nemelex Xobeh.
  6725 | D:8      | Reached skill level 5 in Armour
  6799 | D:8      | Reached skill level 8 in Fighting
  6870 | D:8      | Noticed Psyche
  6880 | D:8      | Killed Psyche
  7464 | D:9      | Noticed Joseph
  7464 | D:9      | Noticed a troll
  7471 | D:9      | Killed Joseph
  7471 | D:9      | Reached skill level 5 in Shields
  7471 | D:9      | Reached XP level 10. HP: 72/90 MP: 12/12
  7647 | D:9      | Reached **** piety under Cheibriados
  7764 | D:9      | Found a glowing silver altar of Zin.
  7777 | D:9      | Found a burning altar of Makhleb.
  7778 | D:9      | Noticed a balrug
  7782 | D:9      | Noticed an angel
  8657 | D:10     | Entered Level 10 of the Dungeon
  8764 | D:10     | Reached skill level 9 in Fighting
  8808 | D:10     | Noticed a brown ugly thing
  8809 | D:10     | Reached skill level 5 in Invocations
  8815 | D:10     | Killed a brown ugly thing
  8916 | D:10     | Reached ***** piety under Cheibriados
  9556 | D:11     | Noticed an elephant
  9680 | D:5      | Bought the amulet "Naoletud" {Reflect *Contam rElec Dex+6 SH+2} for 399 gold pieces
  9782 | D:11     | Killed an elephant
  9824 | D:11     | Reached XP level 11. HP: 93/97 MP: 14/14
  9826 | D:11     | Noticed Grum
  9846 | D:11     | Killed Grum
  9983 | D:11     | Gained mutation: You occasionally shout uncontrollably at your foes. [potion of mutation]
  9983 | D:11     | Gained mutation: Your muscles are strong. (Str +2) [potion of mutation]
  9983 | D:11     | Gained mutation: You have an increased reservoir of magic. (+10% MP) [potion of mutation]
 10048 | D:11     | Found a staircase to the Lair.
 10131 | D:11     | Reached skill level 10 in Fighting
 10307 | D:11     | Found a staircase to the Orcish Mines.
 10607 | D:12     | Noticed a two-headed ogre
 10621 | D:12     | Killed a two-headed ogre
 10621 | D:12     | Reached skill level 10 in Crossbows
 10971 | D:12     | Noticed an unseen horror
 10974 | D:12     | Killed an unseen horror
 10981 | D:12     | Reached skill level 1 in Spellcasting
 11055 | D:12     | Noticed an unseen horror
 11060 | D:12     | Killed an unseen horror
 11227 | D:12     | Noticed an ettin
 11229 | D:12     | Killed an ettin
 11253 | D:12     | Noticed an ettin
 11253 | D:12     | Reached XP level 12. HP: 68/108 MP: 16/18
 11264 | D:12     | Killed an ettin
 11505 | D:12     | Noticed a fire giant
 11509 | D:12     | Noticed a deep troll earth mage
 11521 | D:12     | Killed a fire giant
 11523 | D:12     | Reached skill level 11 in Fighting
 11537 | D:12     | Killed a deep troll earth mage
 11587 | D:12     | Noticed an ettin
 11593 | D:12     | Annihilated by an ettin

Skill      XL: |  1  2  3  4  5  6  7  8  9 10 11 12 |
---------------+-------------------------------------+-----
Fighting       | 3 4 5 6 7 8 9 10 11 | 11.1
Armour         | 1 2 3 4 5 6 7 |  7.6
Crossbows      | 5 6 7 8 9 10 | 10.8
Dodging        | 3 4 5 6 7 |  7.3
Short Blades   | 1 2 3 5 6 7 9 |  9.4
Shields        | 1 2 3 5 7 |  7.3
Invocations    | 2 4 5 7 |  7.6
Spellcasting   | 1 |  1.8
Stealth        | |  0.7

Action                   |  1- 3 |  4- 6 |  7- 9 | 10-12 || total
-------------------------+-------+-------+-------+-------++-------
Melee: Short sword       |    24 |     9 |       |       ||    33
       Headbutt          |     1 |     7 |    17 |    41 ||    66
       Dagger            |       |    31 |   100 |   121 ||   252
 Fire: Hand crossbow     |    57 |    83 |   176 |   258 ||   574
Throw: Javelin           |       |     2 |       |       ||     2
Invok: Slouch            |       |       |       |     5 ||     5
Evoke: Wand              |       |       |       |     1 ||     1
  Use: Potion            |     4 |     3 |       |     5 ||    12
       Scroll            |     2 |       |     5 |    22 ||    29
 Stab: Sleeping          |       |       |       |     2 ||     2
  Eat: Chunk             |     4 |    12 |    10 |     6 ||    32
Armor: Leather armour    |    10 |     7 |       |       ||    17
       Ring mail         |       |       |    13 |    19 ||    32
Dodge: Dodged            |    31 |    28 |    66 |    73 ||   198
Block: Buckler           |     2 |     5 |    25 |    51 ||    83
       Reflection        |       |       |       |     6 ||     6
